 Dungeon Crawl Stone Soup version 0.30-a0-800-g7c544603b3 (webtiles) character file.

Game seed: 17767625625498521935

90776 Monkooky the Eclecticist (level 15, -9/113 HPs)
             Began as a Mummy Necromancer on Feb 21, 2023.
             Was the Champion of Kikubaaqudgha.
             Mangled by a swamp dragon (10 damage)
             ... on level 3 of the Swamp on Feb 22, 2023.
             The game lasted 01:46:50 (24412 turns).

Monkooky the Eclecticist (Mummy Necromancer)       Turns: 24412, Time: 01:46:50

Health: -9/113     AC: 11    Str: 11    XL:     15   Next: 53%
Magic:  11/36      EV: 14    Int: 27    God:    Kikubaaqudgha [******]
Gold:   1691       SH:  0    Dex: 14    Spells: 7/49 levels left

rFire   . . .      SeeInvis .    n - staff of death
rCold   + + .      Faith    +    (no shield)
rNeg    + + +      Spirit   .    Q - +2 robe {rC+}
rPois   ∞          Reflect  .    g - +2 helmet
rElec   .          Harm     .    j - +2 cloak
rCorr   .          Rampage  .    G - +2 pair of gloves
Will    +....                    V - +1 pair of boots
Stlth   ++                       q - amulet of magic regeneration
HPRegen 0.38/turn                J - ring of protection from fire
MPRegen 0.65/turn                L - +6 ring of intelligence

@: death channelling, corroded, animating dead
A: cold resistance 1, negative energy resistance 3, torment resistance 2, heat
vulnerability 1, in touch with death 2, no potions, faith
a: Renounce Religion, Unearth Wretches, Torment


You were on level 3 of the Swamp.
You worshipped Kikubaaqudgha.
Kikubaaqudgha was exalted by your worship.
You visited 5 branches of the dungeon, and saw 26 of its levels.
You also visited: Bailey, Ice Cave and Volcano.

You collected 2486 gold pieces.
You spent 795 gold pieces at shops.

Inventory:

Hand Weapons
 y - a +9 spectral quarterstaff
 z - a +2 lajatang of electrocution
 H - a +0 eveningstar of flaming
 M - the +12 pair of quick blades "Gyre" and "Gimble" {protect}
   (You found it on level 5 of the Lair of Beasts)
Missiles
 t - 23 poisoned darts
 w - a throwing net
 B - 22 boomerangs
 C - 5 curare-tipped darts
Armour
 g - a +2 helmet (worn)
 h - a +2 plate armour of cold resistance
 j - a +2 cloak (worn)
 s - the +2 leather armour "Kuochope" {*Slow rN++ Regen+ Str+2}
   (You bought it in a shop on level 5 of the Dungeon)

   Str:       It affects your strength (+2).
   rN:        It greatly protects you from negative energy.
   Regen:     It increases your rate of health regeneration.
   *Slow:     It may slow you when you take damage.
 G - a +2 pair of gloves (worn)
 K - the +0 helmet "Uffumn" {Will+ Int-4 Dex+4 Slay+3}
   (You found it on level 5 of the Lair of Beasts)

   Int:       It affects your intelligence (-4).
   Dex:       It affects your dexterity (+4).
   Slay:      It affects your accuracy & damage with ranged weapons and melee
   (+3).
   Will:      It increases your willpower.
 Q - a +2 robe of cold resistance (worn)
 U - a +0 cloak
 V - a +1 pair of boots (worn)
 W - a +4 ring mail of fire resistance
Magical Staves
 n - a staff of death (weapon)
Jewellery
 q - an amulet of magic regeneration (around neck)
 I - a ring of ice
 J - a ring of protection from fire (left hand)
 L - a +6 ring of intelligence (right hand)
 O - an amulet of guardian spirit
 R - a ring of flight
 T - a +6 ring of strength
 X - an amulet of regeneration
Wands
 i - a wand of paralysis (23)
 x - a wand of roots (16)
 F - a wand of digging (6)
 N - a wand of acid (14)
 S - a wand of mindburst (15)
Scrolls
 b - 5 scrolls of noise
 c - 2 scrolls of brand weapon
 e - 3 scrolls of fear (quivered)
 f - 3 scrolls of poison
 k - 11 scrolls of blinking
 l - 2 scrolls of magic mapping
 m - 2 scrolls of fog
 o - 2 scrolls of vulnerability
 p - 2 scrolls of amnesia
 r - 10 scrolls of teleportation
 A - 4 scrolls of summoning
 E - a scroll of silence
 Y - a scroll of enchant armour
Miscellaneous
 a - a tin of tremorstones (2/2)
 u - a condenser vane
 D - a box of beasts


   Skills:
 - Level 9.1 Fighting
 - Level 2.7 Staves
 - Level 6.0 Dodging
 - Level 1.5 Stealth
 + Level 17.6 Spellcasting
 - Level 2.2 Hexes
 - Level 8.5 Summonings
 + Level 15.5 Necromancy
 - Level 7.0 Earth Magic
 - Level 5.6 Evocations


You had 7 spell levels left.
You knew the following spells:

 Your Spells              Type           Power      Damage    Failure   Level
a - Necrotise             Necr           100%       1d9       0%          1
b - Vampiric Draining     Necr           100%       2d13      0%          3
c - Animate Dead          Necr           100%       N/A       1%          4
d - Dispel Undead         Necr           100%       3d31      1%          4
e - Death Channel         Necr           76%        N/A       1%          6
f - Borgnjor's Vile Clut  Necr/Erth      68%        N/A       1%          5
g - Anguish               Hex/Necr       63%        N/A       1%          4
h - Haunt                 Necr/Summ      70%        N/A       12%         7
i - Infestation           Necr           76%        N/A       22%         8

Your spell library contained the following spells:

 Spells                   Type           Power      Damage    Failure   Level
 Apportation              Tloc           46%        N/A       1%          1
 Kiss of Death            Conj/Necr      100%       2d13      1%          1
 Magic Dart               Conj           92%        1d7       1%          1
 Summon Small Mammal      Summ           100%       N/A       1%          1
 Cigotuvi's Dreadful Rot  Necr/Pois/Air  100%       N/A       1%          2
 Call Canine Familiar     Summ           63%        N/A       1%          3
 Summon Guardian Golem    Hex/Summ       52%        N/A       1%          3
 Animate Armour           Summ/Erth      100%       N/A       1%          4
 Agony                    Necr           100%       N/A       1%          5
 Tukima's Dance           Hex            35%        N/A       2%          3
 Scorch                   Fire           46%        2d7       3%          2
 Searing Ray              Conj           46%        2d6       3%          2
 Inner Flame              Hex/Fire       29%        N/A       3%          3
 Portal Projectile        Hex/Tloc       58%        N/A       3%          3
 Summon Lightning Spire   Summ/Air       46%        N/A       3%          4
 Petrify                  Tmut/Erth      42%        N/A       4%          4
 Summon Cactus Giant      Summ           31%        N/A       9%          6
 Fulminant Prism          Conj/Hex       14%        3d9       12%         4
 Flame Wave               Conj/Fire      23%        2d8       21%         4
 Sticky Flame             Conj/Fire      23%        2d4       21%         4
 Alistair's Intoxication  Tmut/Pois      15%        N/A       50%         5
 Irradiate                Conj/Tmut      11%        3d15      50%         5
 Iron Shot                Conj/Erth      21%        9d5       56%         6
 Maxwell's Capacitive Co  Air            11%        ∞         100%        8
 Sublimation of Blood     Necr           Unusable   N/A       N/A         2
 Blade Hands              Tmut           Unusable   N/A       N/A         5
 Storm Form               Tmut/Air       Unusable   N/A       N/A         7

Dungeon Overview and Level Annotations

Branches:
Dungeon (15/15)            Temple (1/1) D:4            Lair (5/5) D:9
  Swamp (3/4) Lair:2        Snake (0/4) Lair:2        Slime (0/5) Lair:5
    Orc (2/2) D:12            Elf (0/3) Orc:2        Vaults (0/5) D:13
 Bailey (visited)           IceCv (visited)         Volcano (visited)
 Depths: D:15

Altars:
Ashenzari
Cheibriados
Dithmenos
Fedhas
Gozag
Hepliaklqana
Kikubaaqudgha
Makhleb
Nemelex Xobeh
Okawaru
Qazlal
Ru
Sif Muna
Trog
Uskayaw
Vehumet
Wu Jian
Xom
Yredelemnul
Jiyva

Shops:
D:1 =   D:5 [   D:8 ?   D:14 ?   Orc:1 !   Orc:2 [[*(

Annotations:
D:5 exclusion: downstairs
D:6 exclusion: downstairs
D:13 1 runed translucent door, patfeehan111222's ghost, journeyman MiBe
Lair:2 exclusion: downstairs


Innate Abilities, Weirdness & Mutations

You are immune to poison.
Your flesh is cold resistant. (rC+)
You are immune to negative energy. (rN+++)
You are immune to unholy pain and torment.
You are vulnerable to heat. (rF-)
You are strongly in touch with the powers of death.
You do not drink.
You have a special connection with the divine. (Faith)


Message History

The alligator looks frightened!
Your phantasmal warrior disappears in a puff of smoke! x2
Your vampire mosquito zombie bites the alligator.
Your vampire mosquito zombie's attack snaps the alligator out of its fear.
The alligator bites you!
* * * LOW HITPOINT WARNING * * *
The alligator tail-slaps you.
* * * LOW HITPOINT WARNING * * *
Your spectral five-headed hydra bites the swamp dragon but does no damage.
Your spectral five-headed hydra bites the swamp dragon.
Your spectral five-headed hydra bites the swamp dragon but does no damage.
Your spectral five-headed hydra completely misses the swamp dragon.
Your spectral five-headed hydra bites the swamp dragon.
Your spectral five-headed hydra drains the swamp dragon.
The swamp dragon barely misses you.
The swamp dragon claws you but does no damage.
The swamp dragon tramples you but does no damage.
Okay, then.
Read: 4 scrolls of fear
Press: ? - help, Q - select action, (/) - cycle Dir - look around, f - activate Look: an alligator (water, lightly wounded, covering ground quickly, ally target, chance to affect: 90%)
Okay, then.
Read: 4 scrolls of fear
Press: ? - help, Q - select action, (/) - cycle Dir - look around, f - activate Look: an alligator (water, lightly wounded, covering ground quickly, ally target, chance to affect: 90%)
As you read the scroll of fear, it crumbles to dust.
You assume a fearsome visage.
The swamp dragon looks frightened!
The alligator easily resists.
Your wraith disappears in a puff of smoke!
Your phantasmal warrior disappears in a puff of smoke!
Your vampire mosquito zombie bites the alligator.
Your vampire mosquito zombie bites the swamp dragon.
The alligator completely misses you.
The alligator tail-slaps you but does no damage.
Your vampire mosquito zombie bites the alligator but does no damage.
Your vampire mosquito zombie bites the swamp dragon but does no damage.
Your vampire mosquito zombie's attack snaps the swamp dragon out of its fear.
The swamp dragon bites you!
You die...
Kikubaaqudgha rasps: "You have failed me!
Welcome... oblivion!"

.~~..♣.~~~~.♣.~
.~~......~~~.~~~
.....≈≈..~~..~♣♣
.~F.≈≈≈≈≈..~.~~♣
~..≈≈≈≈≈≈≈~~..~.
..≈§≈§≈W..~~~..~
~.≈≈≈§≈§Z..~~~~§
~.≈≈≈≈≈DZ..~~~..
~.≈≈≈≈t@Z..~~.♣♣
~.≈≈≈≈≈Z≈.~~.♣♣
.♣.≈≈≈≈..~~.♣♣
♣.♣...≈.~....♣
.~~.~~.♣§.~~~~♣
~.♣<~~♣♣♣.~~~♣♣
♣ ♣♣♣~ ♣..♣~. ♣.
.♣♣~~


You could see an alligator (swift, ally target), a swamp dragon (drained, ally
target), a goliath frog (fleeing, ally target), a friendly phantasmal warrior
(summoned), a friendly spectral five-headed hydra, a friendly five-headed hydra
zombie and 2 friendly vampire mosquito zombies.

Vanquished Creatures
  A tengu reaver (D:13)
  An orc warlord (Orc:1)
  A stone giant (Volcano)
  A reaper (IceCv)
  A bunyip (Swamp:2)
  A yaktaur captain (D:13)
  Fannar (D:10)
  A centaur warrior (D:14)
  3 hydras
  2 boulder beetles (D:11)
  A catoblepas (D:13)
  3 alligators
  4 death yaks
  2 two-headed ogres (D:12)
  Urug (D:13)
  A spectral death yak (Lair:5)
  A spectral anaconda (Lair:5)
  A spriggan druid (Swamp:1)
  2 bog bodies
  A spriggan rider (Swamp:2)
  An obsidian statue (Lair:5)
  A swamp dragon (Swamp:1)
  3 necromancers
  A deep elf pyromancer (D:9)
  3 manticores
  2 orc knights
  A cyclops (D:13)
  2 black mambas
  A dire elephant zombie (Lair:5)
  12 elephants
  An ice statue (IceCv)
  4 torpor snails (Lair:4)
  7 cane toads
  4 gargoyles
  An efreet (Volcano)
  2 kobold demonologists
  3 komodo dragons
  2 yaktaurs (D:13)
  A rime drake (Lair:5)
  An anaconda simulacrum (IceCv)
  3 trolls
  2 tyrant leeches
  A blink frog (Lair:5)
  2 hornets (D:9)
  A bloated husk (Swamp:2)
  A slime creature (D:12)
  4 wyverns
  A centaur simulacrum (D:14)
  A water elemental (D:12)
  4 wraiths
  2 dire elephant simulacra (IceCv)
  Eustachio (D:6)
  A fire elemental (Volcano)
  A steam dragon (D:9)
  23 yaks
  3 basilisks
  2 death yak simulacra (IceCv)
  3 harpy simulacra (IceCv)
  5 vampire mosquitoes
  3 nagas (Lair:2)
  A warg (Orc:2)
  7 swamp worms
  An acid dragon (D:12)
  2 spectral cane toads (Lair:5)
  3 water moccasins
  2 swamp drakes (Swamp:1)
  4 black bears
  20 orc warriors
  2 elephant zombies (Lair:5)
  6 ogres
  4 wolves (Lair:1)
  7 centaurs
  3 yaktaur zombies (D:13)
  3 kobold brigands (D:9)
  2 gnoll sergeants
  6 bullfrogs
  A necrophage (D:6)
  2 cane toad simulacra (IceCv)
  An earth elemental (Volcano)
  5 two-headed ogre simulacra (IceCv)
  3 wights (D:7)
  3 elephant simulacra
  7 howler monkeys
  3 electric eels (D:12)
  A hound (D:3)
  4 jellies
  11 orc priests
  3 iguanas
  16 orc wizards
  4 polar bear simulacra (IceCv)
  2 gnoll boudas
  4 troll simulacra (IceCv)
  12 spriggan simulacra (IceCv)
  A wolf simulacrum (IceCv)
  5 adders
  15 gnolls
  5 naga simulacra (IceCv)
  15 white imps
  4 ufetubi
  A dart slug (D:3)
  38 orcs
  3 bats
  6 endoplasms
  5 goblins
  7 hobgoblins
  5 jackals
  3 quokkas
  9 ball pythons
  2 frilled lizards
  17 kobolds
  2 rats (D:2)
445 creatures vanquished.

Vanquished Creatures (collateral kills)
  An eleionoma (Swamp:2)
  3 dire elephants (Lair:5)
  A bunyip (Swamp:1)
  5 hydras
  A two-headed ogre (D:11)
  A boulder beetle (D:14)
  A death yak (Lair:4)
  An alligator (Swamp:2)
  A dancing weapon (Orc:1)
  2 spriggans (Swamp:1)
  2 skysharks (Lair:5)
  2 necromancers (Lair:5)
  2 orc knights
  3 ugly things (D:14)
  4 cyclopes
  A manticore (D:14)
  6 elephants
  5 cane toads
  A komodo dragon (Lair:1)
  A nameless horror (D:13)
  2 polar bears
  A troll (Orc:1)
  A hornet (Swamp:1)
  A meliai (D:14)
  A tyrant leech (Swamp:2)
  3 blink frogs (Lair:5)
  6 slime creatures
  2 wyverns
  2 basilisks
  14 yaks
  A fire elemental (Volcano)
  3 swamp worms
  2 wargs (Orc:2)
  7 water moccasins
  3 swamp drakes
  5 orc warriors
  2 wolves (Lair:1)
  4 ogres
  4 centaurs (Orc:2)
  An elephant zombie (Lair:5)
  An earth elemental (Volcano)
  A bullfrog (Lair:4)
  A necrophage (D:7)
  A wight (D:7)
  An elephant simulacrum (Lair:5)
  2 howler monkeys (D:12)
  3 jellies
  A hound (D:5)
  3 orc priests
  2 iguanas
  6 orc wizards
  4 gnolls
  6 white imps (Lair:1)
  A dart slug (D:1)
  16 orcs
  2 endoplasms
  4 goblins (D:9)
  3 jackals
  9 kobolds
  A frilled lizard (D:2)
177 creatures vanquished.

Vanquished Creatures (others)
  3 hydras
  A centaur warrior (D:14)
  An alligator (Lair:3)
  A spriggan druid (Swamp:1)
  2 swamp dragons
  A deep elf pyromancer (D:9)
  An ugly thing (D:14)
  A stone giant zombie (Volcano)
  A cyclops (D:11)
  A torpor snail (Lair:3)
  A swamp worm zombie (Lair:3)
  2 komodo dragons
  2 meliai (D:14)
  A bloated husk (Swamp:1)
  An alligator zombie (Lair:3)
  2 tyrant leeches (Lair:3)
  A blink frog (Lair:5)
  A meliai zombie (D:14)
  A black mamba zombie (Lair:1)
  A yak (Lair:3)
  A spriggan zombie (Swamp:1)
  A golden eye (shapeshifter) (D:14)
  A swamp worm (Lair:3)
  A cane toad zombie (Lair:3)
  11 orc warriors
  A manticore zombie (D:12)
  4 elephant zombies (Lair:3)
  4 blink frog zombies (Lair:5)
  6 centaurs
  A vampire mosquito zombie (D:14)
  A komodo dragon zombie (Lair:1)
  A gnoll sergeant (D:11)
  2 warg zombies (Orc:2)
  3 water moccasin zombies
  A yak zombie (D:11)
  A bullfrog zombie (Lair:4)
  10 centaur zombies
  A basilisk zombie (D:13)
  A black bear zombie (D:7)
  2 orc priests (Orc:2)
  An orc wizard (Orc:1)
  3 ogre zombies (Orc:2)
  A naga zombie (Lair:2)
  A steam dragon zombie (D:9)
  2 adder zombies
  A dart slug (D:9)
  8 orcs
  7 gnoll zombies
  A hobgoblin (D:9)
  An endoplasm zombie (D:4)
  A goblin zombie (Bailey)
  A hobgoblin zombie (Bailey)
  18 kobold zombies
  28 orc zombies
  36 fungi
  63 plants
  36 withered plants (Lair:5)
289 creatures vanquished.

Grand Total: 911 creatures vanquished

Notes
Turn   | Place    | Note
-------+----------+-------------------------------------------
     0 | D:1      | Monkooky the Mummy Necromancer began the quest for the Orb.
     0 | D:1      | Reached XP level 1. HP: 13/13 MP: 4/4
    48 | D:1      | Found Yrom Jonlej's Jewellery Emporium.
   332 | D:1      | Reached skill level 3 in Spellcasting
   340 | D:1      | Reached XP level 2. HP: 19/19 MP: 2/6
  1000 | D:2      | Reached skill level 4 in Spellcasting
  1212 | D:2      | Gained mutation: You are in touch with the powers of death.
                  | [Mummy growth]
  1212 | D:2      | Reached XP level 3. HP: 24/24 MP: 3/9
  1216 | D:2      | Learned a level 3 spell: Vampiric Draining
  1906 | D:3      | Reached XP level 4. HP: 27/30 MP: 4/10
  1934 | D:3      | Reached skill level 5 in Necromancy
  2573 | D:4      | Learned a level 4 spell: Animate Dead
  2673 | D:4      | Noticed an ogre
  2681 | D:4      | Killed an ogre
  2682 | D:4      | Reached XP level 5. HP: 35/35 MP: 6/11
  2978 | D:4      | Noticed an ogre
  2987 | D:4      | Killed an ogre
  2988 | D:4      | Reached XP level 6. HP: 41/41 MP: 9/12
  3432 | D:4      | Reached skill level 5 in Spellcasting
  3458 | D:4      | Found a staircase to the Ecumenical Temple.
  3470 | Temple   | Entered the Ecumenical Temple
  3627 | Temple   | Became a worshipper of Kikubaaqudgha
  3929 | D:5      | Entered Level 5 of the Dungeon
  3943 | D:5      | Reached XP level 7. HP: 34/46 MP: 5/15
  3960 | D:5      | Reached skill level 6 in Spellcasting
  4106 | D:5      | Found Helu's Antique Armour Boutique.
  4435 | D:5      | Bought a polished leather armour for 189 gold pieces
  4435 | D:5      | Identified the +2 leather armour "Kuochope" {*Slow rN++
                  | Regen+ Str+2} (You bought it in a shop on level 5 of the
                  | Dungeon)
  4743 | D:6      | Noticed Eustachio
  4751 | D:6      | Killed Eustachio
  4992 | D:6      | Reached skill level 7 in Spellcasting
  5285 | D:6      | Reached skill level 1 in Fighting
  5491 | D:6      | Reached XP level 8. HP: 37/56 MP: 18/18
  5694 | D:7      | Reached * piety under Kikubaaqudgha
  5694 | D:7      | Received a gift from Kikubaaqudgha
  5842 | D:7      | Reached skill level 5 in Fighting
  6160 | D:7      | Learned a level 4 spell: Dispel Undead
  6167 | D:7      | Learned a level 6 spell: Death Channel
  6375 | D:7      | Found a sacrificial altar of Ru.
  6850 | D:8      | Reached ** piety under Kikubaaqudgha
  6972 | D:8      | Reached XP level 9. HP: 54/69 MP: 5/19
  7083 | D:8      | Found Goseunank's Magic Scroll Boutique.
  7088 | D:8      | Bought a scroll of torment for 104 gold pieces
  7306 | D:8      | Bought a scroll of magic mapping for 82 gold pieces
  7655 | D:9      | Identified the +1 plate armour of Puthra {Str+3}
  7687 | D:9      | Found a shadowy altar of Dithmenos.
  7745 | D:9      | Found a flagged portal.
  7814 | D:9      | Found a broken altar of Ashenzari.
  7816 | D:9      | Reached *** piety under Kikubaaqudgha
  7816 | D:9      | Received a gift from Kikubaaqudgha
  7908 | D:9      | Found a stormy altar of Qazlal.
  7914 | D:9      | Found a snail-covered altar of Cheibriados.
  7927 | D:9      | Noticed a deep elf pyromancer
  7938 | D:9      | Reached skill level 8 in Spellcasting
  8100 | Bailey   | Entered a bailey
  8134 | Bailey   | Learned a level 5 spell: Borgnjor's Vile Clutch
  8135 | Bailey   | Noticed an orc warlord
  8139 | Bailey   | Upgraded the game from 0.30-a0-799-g109b55a442 to
                  | 0.30-a0-800-g7c544603b3
  8179 | Bailey   | Noticed an orc knight
  8196 | Bailey   | Reached skill level 1 in Earth Magic
  8209 | Bailey   | Killed an orc knight
  8220 | Bailey   | Found a runed translucent gate.
  8220 | Bailey   | Found a runed translucent gate.
  8220 | Bailey   | Found a runed translucent gate.
  8606 | D:9      | Found a staircase to the Lair.
  8678 | D:9      | Killed a deep elf pyromancer
  8679 | D:9      | Reached XP level 10. HP: 45/76 MP: 7/22
  8998 | Lair:1   | Entered Level 1 of the Lair of Beasts
  9002 | Lair:1   | Noticed a black mamba
  9003 | Lair:1   | Noticed a cane toad
  9008 | Lair:1   | Reached skill level 5 in Earth Magic
  9038 | Lair:1   | Killed a cane toad
  9039 | Lair:1   | Reached skill level 9 in Spellcasting
  9039 | Lair:1   | Reached skill level 10 in Necromancy
  9249 | Lair:1   | Killed a black mamba
  9430 | Lair:1   | Reached **** piety under Kikubaaqudgha
  9437 | Lair:1   | Found a frozen archway.
  9440 | Lair:1   | Identified the +2 robe of Watchfulness {Regen+ MP-9 Str+5}
  9455 | Lair:1   | Learned a level 4 spell: Anguish
  9515 | Lair:1   | Noticed a cane toad
  9521 | Lair:1   | Killed a cane toad
  9522 | Lair:1   | Reached skill level 10 in Spellcasting
  9612 | IceCv    | Entered an ice cave
  9754 | IceCv    | Reached XP level 11. HP: 62/81 MP: 14/25
  9902 | IceCv    | Reached skill level 1 in Hexes
  9992 | IceCv    | Reached ***** piety under Kikubaaqudgha
 10493 | IceCv    | Noticed a reaper
 10868 | IceCv    | Killed a reaper
 11265 | Lair:1   | Reached skill level 11 in Spellcasting
 11538 | Lair:2   | Found a staircase to the Snake Pit.
 11800 | Lair:2   | Noticed an eight-headed hydra
 11801 | Lair:2   | Noticed a four-headed hydra
 11807 | Lair:2   | Killed an eight-headed hydra
 11808 | Lair:2   | Reached skill level 12 in Spellcasting
 11808 | Lair:2   | Killed a four-headed hydra
 11811 | Lair:2   | Found a staircase to the Swamp.
 12580 | Lair:3   | Reached XP level 12. HP: 30/87 MP: 3/28
 12584 | Lair:3   | Noticed an alligator
 12591 | Lair:3   | Killed an alligator
 12592 | Lair:3   | Reached skill level 13 in Spellcasting
 12913 | Lair:3   | Noticed a four-headed hydra
 12918 | Lair:3   | Killed a four-headed hydra
 12958 | Lair:3   | Noticed an alligator
 12964 | Lair:3   | Killed an alligator
 13291 | Lair:3   | Noticed a seven-headed hydra
 13297 | Lair:3   | Killed a seven-headed hydra
 14058 | Lair:4   | You fall into a shaft and drop 1 floor!
 14058 | Lair:5   | Entered Level 5 of the Lair of Beasts
 14058 | Lair:5   | Noticed a four-headed hydra
 14065 | Lair:5   | Killed a four-headed hydra
 14105 | Lair:5   | Reached ****** piety under Kikubaaqudgha
 14117 | Lair:5   | Noticed a dire elephant
 14117 | Lair:5   | Noticed a dire elephant
 14117 | Lair:5   | Noticed a dire elephant
 14129 | Lair:5   | Killed a dire elephant
 14193 | Lair:5   | Gained mutation: You are strongly in touch with the powers
                  | of death. [Mummy growth]
 14193 | Lair:5   | Reached XP level 13. HP: 98/98 MP: 30/30
 14203 | Lair:5   | Reached skill level 5 in Dodging
 14406 | Lair:5   | Identified the +0 helmet "Uffumn" {Will+ Int-4 Dex+4
                  | Slay+3}
 14631 | Lair:5   | Killed a dire elephant
 14632 | Lair:5   | Reached skill level 5 in Evocations
 14633 | Lair:5   | Killed a dire elephant
 14730 | Lair:5   | Received a gift from Kikubaaqudgha
 14739 | Lair:5   | Learned a level 7 spell: Haunt
 14879 | Lair:5   | Reached skill level 1 in Summonings
 14881 | Lair:5   | Reached skill level 14 in Spellcasting
 14957 | Lair:5   | Found a viscous altar of Jiyva.
 14960 | Lair:5   | Found the +12 pair of quick blades "Gyre" and "Gimble"
                  | {protect}
 14965 | Lair:5   | Found a staircase to the Slime Pits.
 15573 | Lair:4   | Identified the +6 scale mail of Cheibriados's Whim {Harm
                  | rPois rC- rCorr}
 15813 | Lair:4   | Reached skill level 5 in Summonings
 15830 | Lair:4   | Found a snail-covered altar of Cheibriados.
 16128 | Lair:4   | Reached XP level 14. HP: 108/108 MP: 19/32
 16303 | Lair:4   | Learned a level 8 spell: Infestation
 16402 | D:10     | Entered Level 10 of the Dungeon
 16454 | D:10     | Noticed Fannar
 16494 | D:10     | Killed Fannar
 16495 | D:10     | Reached skill level 15 in Spellcasting
 18274 | D:12     | Found a staircase to the Orcish Mines.
 18768 | D:12     | You fall into a shaft and drop 3 floors!
 18768 | D:15     | Entered Level 15 of the Dungeon
 19407 | D:14     | Found Lymoruor's Magic Scroll Emporium.
 19410 | D:14     | Bought a scroll of blinking for 120 gold pieces
 19410 | D:14     | Bought a scroll of blinking for 120 gold pieces
 20088 | Orc:1    | Entered Level 1 of the Orcish Mines
 20104 | Orc:1    | Found Otuhecw's Distillery.
 20303 | Orc:2    | Entered Level 2 of the Orcish Mines
 20318 | Orc:2    | Reached skill level 16 in Spellcasting
 20374 | Orc:2    | Found Tublagunt's General Store.
 20374 | Orc:2    | Found Toraduc's Antique Armour Shop.
 20380 | Orc:2    | Found Behaotei's Armour Boutique.
 20388 | Orc:2    | Found Xeenax's Antique Weapon Emporium.
 20394 | Orc:2    | Bought a glowing cloak for 180 gold pieces
 20527 | Orc:2    | Found a dark tunnel.
 20568 | Orc:2    | Found a staircase to the Elven Halls.
 20812 | Volcano  | Entered a volcano
 20834 | Volcano  | Noticed a stone giant
 20840 | Volcano  | Killed a stone giant
 21523 | Orc:1    | Noticed an orc warlord
 21529 | Orc:1    | Killed an orc warlord
 21530 | Orc:1    | Reached skill level 1 in Staves
 21530 | Orc:1    | Reached XP level 15. HP: 108/113 MP: 13/35
 21988 | D:13     | Found a runed translucent door.
 21989 | D:13     | Found a runed translucent door.
 21989 | D:13     | Noticed a tengu reaver
 21990 | D:13     | Noticed a lich
 21992 | D:13     | Noticed patfeehan111222's ghost (journeyman MiBe)
 22350 | D:13     | Found a gate to the Vaults.
 22496 | D:13     | Noticed Urug
 22500 | D:13     | Killed Urug
 22643 | D:13     | Identified the ring of the Moon {Fly rN+ Will+}
 22732 | D:13     | Killed a tengu reaver
 23117 | Swamp:1  | Entered Level 1 of the Swamp
 23291 | Swamp:1  | Reached skill level 15 in Necromancy
 23292 | Swamp:1  | Reached skill level 17 in Spellcasting
 23989 | Swamp:2  | Found a stormy altar of Qazlal.
 24411 | Swamp:3  | HP: 4/113 [alligator (14)]
 24411 | Swamp:3  | HP: 1/113 [alligator (3)]
 24412 | Swamp:3  | Mangled by a swamp dragon

Illustrated notes

Levels and vault maps discovered:
D:1:      dpeg_arrival_long_road, layout_loops_corners, serial_shops, shop,
          minmay_distorted
D:2:      layout_rooms
D:3:      minmay_chambers_of_threes, layout_loops_ring
D:4:      layout_layer_cave, minmay_temple_entry_nine_rooms
D:5:      layout_cave_pools, serial_shops, shop, kennysheep_generic_room_9
D:6:      layout_basic, uniq_eustachio
D:7:      layout_basic, mainiacjoe_overflow_alcove_4,
          mainiacjoe_overflow_alcove_1
D:8:      layout_layer_cave, serial_shops, shop
D:9:      layout_roguey, amcnicky_altar_gilded, kennysheep_slug_shrine,
          nicolae_dithmenos_shadow_blocks, lemuel_crystal_altar,
          lair_entry_dummy, enter_bailey_5
D:10:     layout_irregular_city, uniq_fannar
D:11:     layout_loops_ring
D:12:     layout_basic, orc_0_dummy, serial_bayou, serial_bayou_shore_b,
          serial_bayou_lagoon_b, serial_bayou_shore_b, serial_bayou_pond_d
D:13:     layout_irregular_city, david_vaults_2, muffindrake_ghost_dual_entry,
          uniq_urug
D:14:     layout_basic, hangedman_decor_slide_cut, serial_shops,
          nicolae_shop_behind_doors, lemuel_nasty_fountain
D:15:     grunt_enter_depths_snipers, layout_stronghold, serial_park_paths
          [serial_park_minivault_5x5_2], nicolae_trove_entry_columns,
          uniq_roxanne
Temple:   regret_index_temple_sphere_string
Lair:1:   layout_roguey, portal_ice_cave_entry_imps, serial_bayou_pond_a
Lair:2:   layout_cave_shapes, palyth_hydra_swamp_entry,
          guppyfry_snake_entry_island, patterned_corridor
Lair:3:   onia_ninara_swampy_vault, layout_small_grid, serial_bayou_pond_a
Lair:4:   layout_regular_city, kennysheep_snail_temple
Lair:5:   due_jungle_book, layout_long_grid, nicolae_slime_entry_field_trip
Swamp:1:  layout_basic_swamp, evilmike_swamp_ruin_house_3, swamp_pool5
Swamp:2:  layout_basic_swamp, evilmike_swamp_ruin_house_5, swamp_pool4,
          lemuel_altar_in_water
Swamp:3:  layout_basic_swamp, evilmike_swamp_ruin_house_6,
          infiniplex_staircase_pool
Orc:1:    layout_caves, serial_shops, nicolae_shop_competitors_out_of_business,
          sword_in_stone
Orc:2:    st_orc_rangers, layout_caves, nicolae_volcano_entry_two_sided

Skill      XL: |  1  2  3  4  5  6  7  8  9 10 11 12 13 14 15 |
---------------+----------------------------------------------+-----
Spellcasting   | 3 4 5 7 8 10 12 13 14 16 17 | 17.6
Necromancy     | 5 6 8 9 10 12 13 14 15 | 15.5
Evocations     | 2 3 4 5 |  5.6
Fighting       | 2 5 8 9 |  9.1
Earth Magic    | 4 7 |  7.0
Hexes          | 2 |  2.2
Dodging        | 4 6 |  6.0
Summonings     | 5 8 |  8.5
Staves         | 1 2 |  2.7
Stealth        | |  1.5

Action                     |  1- 3 |  4- 6 |  7- 9 | 10-12 | 13-15 || total
---------------------------+-------+-------+-------+-------+-------++-------
  Melee: Unarmed           |     6 |       |       |       |       ||     6
         Staff             |       |    60 |    83 |    47 |   123 ||   313
         Falchion          |       |       |    22 |       |       ||    22
         Punch             |       |       |     2 |     1 |     1 ||     4
         Quarterstaff      |       |       |       |       |     6 ||     6
   Cast: Necrotise         |    43 |    30 |    49 |     8 |     4 ||   134
         Vampiric Draining |       |    11 |    96 |    16 |    21 ||   144
         Animate Dead      |       |     3 |    11 |     8 |    23 ||    45
         Dispel Undead     |       |       |     2 |       |    18 ||    20
         Borgnjor's Vile C |       |       |     2 |   106 |   164 ||   272
         Anguish           |       |       |       |    11 |    33 ||    44
         Death Channel     |       |       |       |     7 |    32 ||    39
         Haunt             |       |       |       |       |     1 ||     1
 Invoke: Unearth Wretches  |       |       |     2 |       |     2 ||     4
         Receive Forbidden |       |       |       |       |     1 ||     1
  Evoke: Wand              |       |       |     5 |     5 |     1 ||    11
         Condenser vane    |       |       |     1 |     1 |       ||     2
         Box of beasts     |       |       |       |     1 |     1 ||     2
    Use: Scroll            |     4 |     1 |    12 |    12 |     5 ||    34
   Stab: Distracted        |       |       |     4 |       |     3 ||     7
         Sleeping          |       |       |     1 |       |       ||     1
         Paralysed         |       |       |       |       |     1 ||     1
 Armour: Robe              |     1 |    15 |    72 |    36 |    74 ||   198
         Ring mail         |       |       |       |       |    15 ||    15
  Dodge: Dodged            |    11 |    50 |   195 |    87 |   174 ||   517

Table legend: (Time is in decaauts)
 A = Elapsed time spent in this place.
 B = Non-inter-level travel time spent in this place.
 C = Inter-level travel time spent in this place.
 D = Time resting spent in this place.
 E = Time spent auto-exploring this place.
 F = Levels seen in this place.
 G = Mean time per level.
                   A        B        C        D        E       F      G
               +--------+--------+--------+--------+--------+-----+--------+
         Total |  27787 |  26109 |   1678 |   2645 |  17363 |  29 |  958.2 |
       Dungeon |  15363 |  14381 |    982 |   1278 |  10387 |  15 | 1024.2 |
        Temple |    182 |    141 |     41 |      0 |    127 |   1 |  182.0 |
          Lair |   6741 |   6311 |    430 |    733 |   3926 |   5 | 1348.2 |
         Swamp |   1694 |   1653 |     41 |    127 |   1146 |   3 |  564.7 |
  Orcish Mines |   1625 |   1443 |    182 |     33 |    934 |   2 |  812.5 |
        Bailey |    509 |    509 |      0 |    122 |    175 |   1 |  509.0 |
      Ice Cave |   1479 |   1479 |      0 |    335 |    648 |   1 | 1479.0 |
       Volcano |    191 |    191 |      0 |     17 |     17 |   1 |  191.0 |
               +--------+--------+--------+--------+--------+-----+--------+

Top non-repeatable levels by time:
  Lair:3: 1950 daAuts
    D:12: 1524 daAuts
   IceCv: 1479 daAuts
  Lair:5: 1469 daAuts
    D:11: 1394 daAuts
    D:14: 1353 daAuts
     D:9: 1279 daAuts
     D:4: 1255 daAuts
     D:6: 1234 daAuts
  Lair:2: 1230 daAuts
     D:7: 1191 daAuts
  Lair:4: 1134 daAuts
     D:8: 1070 daAuts
   Orc:2: 1066 daAuts
    D:13: 1021 daAuts
